 Dungeon Crawl Stone Soup version 0.21-a0-213-gae198ad (webtiles) character file.

26380 Nvm9 the Protected (level 12, 0/116 HPs)
             Began as a Demonspawn Fighter on Aug 22, 2017.
             Was a High Priest of Okawaru.
             Slain by a 12-headed hydra (5 damage)
             ... on level 1 of the Lair of Beasts.
             The game lasted 00:32:40 (16458 turns).

Nvm9 the Protected (Demonspawn Fighter)            Turns: 16458, Time: 00:32:41

Health: 0/116      AC: 27    Str: 24    XL:     12   Next: 97%
Magic:  10/12      EV: 13    Int: 15    God:    Okawaru [*****.]
Gold:   851        SH:  2    Dex: 16    Spells: 11/11 levels left

rFire    . . .     SeeInvis .   K - +10 executioner's axe of Wondrous Power {speed, *Drain rC+++ Str+3 Int+4}
rCold    + + +     Gourm    .   (shield currently unavailable)
rNeg     . . .     Faith    .   d - +1 storm dragon scales
rPois    .         Spirit   .   C - +0 helmet
rElec    +         Reflect  +   M - +0 cloak "Usaox" {rC+} (curse)
rCorr    .         Harm     .   k - +1 pair of gloves
MR       .....     Clarity  +   E - +0 pair of boots
Stlth    +.........             I - +2 amulet of reflection
HPRegen  0.29/turn              v - ring of stealth
MPRegen  0.13/turn              p - +4 ring of dexterity

@: heroism
A: hooves 1, blink, clarity, robust 2, screaming 1, shaggy fur 1, spiny 2,
sturdy frame 2
a: Blink, Heroism, Finesse, Renounce Religion


You were on level 1 of the Lair of Beasts.
You worshipped Okawaru.
Okawaru was extremely pleased with you.
You were not hungry.

You visited 3 branches of the dungeon, and saw 16 of its levels.
You also visited: Bailey.

You collected 941 gold pieces.
You spent 90 gold pieces at shops.

Inventory:

Hand Weapons
 a - a +3 long sword of venom
 t - the +11 long sword "Hoynnos" {venom, rElec Str+4 Int-2 Dex+8}
   (Okawaru gifted it to you on level 12 of the Dungeon)

   It poisons the flesh of those it strikes.
   It affects your strength (+4).
   It affects your intelligence (-2).
   It affects your dexterity (+8).
   It insulates you from electricity.
 u - a +1 broad axe of flaming
 K - the +10 executioner's axe of Wondrous Power (weapon) {speed, *Drain rC+++ Str+3 Int+4}
   (You found it in a bailey)

   Attacks with this weapon are significantly faster.
   It affects your strength (+3).
   It affects your intelligence (+4).
   It renders you almost immune to cold.
   It causes draining when unequipped.
 X - a +0 scimitar
 Z - a +4 war axe
Missiles
 S - 3 tomahawks of returning (quivered)
Armour
 c - a +0 shield
 d - +1 storm dragon scales (worn)
 k - a +1 pair of gloves (worn)
 C - a +0 helmet (worn)
 E - a +0 pair of boots (worn)
 M - the cursed +0 cloak "Usaox" (worn) {rC+}
   (You found it on level 9 of the Dungeon)

   It protects you from cold.
   It has a curse placed upon it.
Jewellery
 p - a +4 ring of dexterity (right hand)
 v - a ring of stealth (left hand)
 A - a cursed +3 ring of dexterity
 I - a +2 amulet of reflection (around neck)
 T - an uncursed ring of protection from cold
Wands
 m - a wand of disintegration (20/24)
 F - a wand of iceblast (7/15)
 J - a wand of disintegration (1/24)
 L - a wand of polymorph (15/24)
 N - a wand of lightning (6/15)
 P - a wand of acid (7/15)
 Q - a wand of iceblast (5/15)
 R - a wand of flame (7/48)
Scrolls
 e - 2 scrolls of magic mapping
 g - 5 scrolls of identify
 i - 12 scrolls of teleportation
 l - 5 scrolls of fear
 n - 5 scrolls of recharging
 r - a scroll of amnesia
 y - 6 scrolls of remove curse
Potions
 b - a potion of haste
 h - a potion of agility {unknown}
 j - 2 potions of ambrosia
 o - a potion of heal wounds
 q - 11 potions of curing
 w - a potion of brilliance
 z - 2 potions of mutation
 G - 6 potions of flight
 V - 2 potions of lignification
Books
 x - a book of Changes

   Spells                             Type                      Level
   a - Beastly Appendage              Transmutation                1
   b - Sticks to Snakes               Transmutation                2
   c - Spider Form                    Transmutation/Poison         3
   d - Ice Form                       Ice/Transmutation            4
   e - Blade Hands                    Transmutation                5
 H - a book of Burglary

   Spells                             Type                      Level
   a - Swiftness                      Charms/Air                   2
   b - Passwall                       Transmutation/Earth          2
   c - Passage of Golubria            Translocation                4
   d - Lee's Rapid Deconstruction     Earth                        5
   e - Darkness                       Hexes                        6
   f - Invisibility                   Hexes                        6
Comestibles
 f - 8 bread rations
 s - 8 meat rations
 B - a royal jelly
 D - 3 fruits


   Skills:
 + Level 9.9(14.9) Fighting
 + Level 8.7(13.7) Long Blades
 + Level 7.2(12.2) Axes
 * Level 12.2(17.2) Armour
 + Level 9.1(14.1) Shields


You had 11 spell levels left.
You didn't know any spells.

Dungeon Overview and Level Annotations

Branches:
Dungeon (13/15)            Temple (1/1) D:7            Lair (2/6) D:9
  Snake (0/4) Lair:2          Orc (0/2) D:11         Vaults (0/5) D:13
  Swamp: Lair:2-4    Shoals: Lair:2-4

Altars:
Ashenzari
Cheibriados
Dithmenos
Elyvilon
Fedhas
Gozag
Hepliaklqana
Kikubaaqudgha
Makhleb
Nemelex Xobeh
Okawaru
Qazlal
Ru
Sif Muna
Trog
Uskayaw
Vehumet
Wu Jian
Xom
Yredelemnul
Zin
The Shining One

Shops:
D:7 ?

Annotations:
D:13 exclusion: orange crystal statue


Innate Abilities, Weirdness & Mutations

You have large cloven feet.
You are very robust. (+20% HP)
You are mostly covered in sharp spines.
Your movements are less encumbered by armour. (ER -4)
You can translocate small distances at will.
You possess an exceptional clarity of mind.
You occasionally shout uncontrollably at your foes.
You are covered in fur. (AC +1)


Message History

* * * LOW HITPOINT WARNING * * *
The 11-headed hydra bites you but does no damage.
The 11-headed hydra bites you!
* * * LOW HITPOINT WARNING * * *
The 11-headed hydra closely misses you. The 11-headed hydra bites you!
* * * LOW HITPOINT WARNING * * *
The 11-headed hydra closely misses you.
The 11-headed hydra bites you but does no damage.
The 11-headed hydra closely misses you. The 11-headed hydra misses you.
The 11-headed hydra closely misses you. The 11-headed hydra bites you!
* * * LOW HITPOINT WARNING * * *
Unknown command.
Unknown command.
You hack one of the 11-headed hydra's heads off!
The ten-headed hydra grows two more!
You slice the 12-headed hydra like a ripe choko!!!
The 12-headed hydra is severely wounded.
The 12-headed hydra bites you but does no damage.
The 12-headed hydra bites you.
You die...

##(###.## #...### #.#>####.## #..
#P.# #.#####..P.###.#.## #.P# #..
##.# #.................# #.## #..
#.# ###.P##..........## #.# ##..
##.# #####.####...#..###.# #...
#P.# #..# #.P.#.###..####.. ##.#
##.## #.#.............. ##.##
##..###....####..###...
#...#######P...#@D#.#####.(......
##.#.#.#.###........(.....#.###..
#..............##.......).......
###########..........###########
#.#####.##### ### ###


You could see a 12-headed hydra.

Vanquished Creatures
  Harold (Lair:1)
  A two-headed ogre (D:9)
  The ghost of skelma the Cleaver, a novice DsBe of Trog (D:7)
  An orc knight (D:9)
  2 cyclopes (D:12)
  2 ugly things
  3 manticores
  Joseph (D:7)
  3 spiny frogs
  3 black mambas
  2 gargoyles
  3 komodo dragons (Lair:1)
  3 kobold demonologists
  A troll (D:12)
  A hornet (D:10)
  4 slime creatures (D:13)
  5 hippogriffs
  Prince Ribbit (D:5)
  A wraith (D:12)
  2 water elementals (D:12)
  9 yaks
  A wyvern (D:9)
  3 basilisks
  2 hungry ghosts
  Grum (D:9)
  4 vampire mosquitoes (D:12)
  Edmund (D:5)
  Menkaure (D:4)
  3 nagas (Lair:2)
  An acid dragon (D:12)
  Duvessa (D:4)
  4 water moccasins
  3 porcupines
  A black bear (Lair:1)
  A swamp drake (D:9)
  4 ice beasts
  7 ogres
  11 orc warriors
  A necrophage (D:10)
  3 phantoms
  A sky beast (D:9)
  2 wolves (D:9)
  15 centaurs
  7 crocodiles
  2 big kobolds
  Dowan (D:4)
  10 bullfrogs
  3 scorpions
  A water moccasin skeleton (D:9)
  A wyvern skeleton (D:13)
  12 killer bees
  An electric eel (D:12)
  3 wights (D:11)
  10 howler monkeys
  12 crimson imps
  5 centaur zombies
  2 bullfrog zombies (D:6)
  A quasit (D:7)
  5 jellies
  3 hounds
  3 orc priests
  5 bullfrog skeletons
  10 iguanas
  Terence (D:3)
  14 orc wizards
  9 worker ants
  A killer bee zombie (D:5)
  A hound skeleton (D:8)
  3 worker ant zombies
  15 adders
  3 shadow imps
  An ooze (D:3)
  2 adder skeletons
  8 worms
  4 dart slugs
  6 leopard geckos
  56 orcs
  6 bats
  6 giant cockroaches
  11 goblins
  8 hobgoblins
  8 jackals
  10 kobolds
  4 quokkas
  A ball python (D:1)
  7 frilled lizards
  A leopard gecko skeleton (D:5)
  A quokka zombie (D:6)
  7 rats
  A fungus (Lair:1)
413 creatures vanquished.

Vanquished Creatures (others)
  2 orc warriors (Bailey)
  An orc wizard (D:4)
  6 orcs (Bailey)
  3 plants
12 creatures vanquished.

Grand Total: 425 creatures vanquished

Notes
Turn   | Place    | Note
-------+----------+-------------------------------------------
     0 | D:1      | Nvm9 the Demonspawn Fighter began the quest for the Orb.
     0 | D:1      | Reached XP level 1. HP: 18/18 MP: 1/1
   383 | D:1      | Gained mutation: You are partially covered in sharp spines. [demonic ancestry]
   383 | D:1      | Reached XP level 2. HP: 24/24 MP: 2/2
   406 | D:1      | Reached skill level 3 in Armour
   694 | D:1      | Reached XP level 3. HP: 29/29 MP: 3/3
  1577 | D:2      | Reached XP level 4. HP: 32/35 MP: 4/4
  1694 | D:2      | Found a shadowy altar of Dithmenos.
  2535 | D:3      | Gained mutation: You are mostly covered in sharp spines. [demonic ancestry]
  2535 | D:3      | Reached XP level 5. HP: 41/42 MP: 5/5
  2592 | D:3      | Noticed Terence
  2603 | D:3      | Killed Terence
  2603 | D:3      | Reached skill level 4 in Armour
  2653 | D:3      | Found a bloodstained altar of Trog.
  2967 | D:4      | Noticed Duvessa
  2967 | D:4      | Noticed Dowan
  2989 | D:4      | Killed Duvessa
  2989 | D:4      | Gained mutation: You have large cloven feet. [demonic ancestry]
  2989 | D:4      | Reached XP level 6. HP: 39/48 MP: 6/6
  3050 | D:4      | Killed Dowan
  3145 | D:4      | Reached skill level 5 in Armour
  3220 | D:4      | Gained mutation: You are robust. (+10% HP) [demonic ancestry]
  3220 | D:4      | Reached XP level 7. HP: 37/60 MP: 7/7
  3338 | D:4      | Found a stormy altar of Qazlal.
  3644 | D:4      | Found a glowing golden altar of the Shining One.
  3756 | D:4      | Found a radiant altar of Vehumet.
  3757 | D:4      | Found a burning altar of Makhleb.
  3981 | D:5      | Entered Level 5 of the Dungeon
  3982 | D:5      | Gained mutation: Your spells are a little harder to cast, but a little more powerful. [potion of mutation]
  3982 | D:5      | Gained mutation: You can translocate small distances at will. [potion of mutation]
  3983 | D:5      | Lost mutation: Your spells are a little harder to cast, but a little more powerful. [potion of mutation]
  3983 | D:5      | Gained mutation: You are covered in fur. (AC +1) [potion of mutation]
  3983 | D:5      | Gained mutation: You occasionally shout uncontrollably at your foes. [potion of mutation]
  3983 | D:5      | Gained mutation: You possess an exceptional clarity of mind. [potion of mutation]
  3998 | D:5      | Noticed Edmund
  4000 | D:5      | Noticed Menkaure
  4083 | D:4      | Killed Menkaure
  4234 | D:5      | Killed Edmund
  4234 | D:5      | Reached skill level 5 in Fighting
  4561 | D:5      | Gained mutation: You are very robust. (+20% HP) [demonic ancestry]
  4561 | D:5      | Reached XP level 8. HP: 61/74 MP: 8/8
  4564 | D:5      | Reached skill level 6 in Armour
  4886 | D:5      | Noticed Prince Ribbit
  4895 | D:5      | Killed Prince Ribbit
  5333 | D:5      | Reached skill level 5 in Shields
  5650 | D:6      | Reached skill level 5 in Long Blades
  5697 | D:6      | Reached skill level 7 in Armour
  5971 | D:6      | Reached XP level 9. HP: 75/82 MP: 9/9
  5985 | D:6      | Found a blossoming altar of Fedhas.
  6369 | D:7      | Noticed Joseph
  6385 | D:7      | Killed Joseph
  6385 | D:7      | Reached skill level 8 in Armour
  6410 | D:7      | Found a basalt altar of Yredelemnul.
  6500 | D:7      | Found a staircase to the Ecumenical Temple.
  6579 | D:7      | Noticed skelma's ghost (novice DsBe)
  6602 | D:7      | Killed skelma's ghost
  7027 | D:7      | Found Goep's Magic Scroll Shop.
  7035 | D:7      | Bought a scroll of enchant armour for 90 gold pieces
  7199 | D:7      | Noticed a kobold demonologist
  7201 | D:7      | Noticed a smoke demon
  7210 | D:7      | Killed a kobold demonologist
  7276 | D:7      | Reached XP level 10. HP: 94/94 MP: 10/10
  7478 | Temple   | Entered the Ecumenical Temple
  7543 | Temple   | Became a worshipper of Warmaster Okawaru
  7628 | D:8      | Found a shimmering altar of Xom.
  7906 | D:8      | Reached skill level 9 in Armour
  8077 | D:8      | Found a hide-covered altar of Uskayaw.
  8183 | D:8      | Reached * piety under Okawaru
  8288 | D:9      | Found a flagged portal.
  8301 | Bailey   | Entered a bailey
  9000 | Bailey   | Got a pitted executioner's axe
  9001 | Bailey   | Identified the +10 executioner's axe of Wondrous Power {speed, *Drain rC+++ Str+3 Int+4} (You found it in a bailey)
  9008 | Bailey   | Noticed an orc knight
  9017 | D:9      | Killed an orc knight
  9313 | D:9      | Got a slimy cloak
  9324 | D:9      | Identified the cursed +0 cloak "Usaox" {rC+} (You found it on level 9 of the Dungeon)
  9335 | D:9      | Found a white marble altar of Elyvilon.
  9463 | D:9      | Reached skill level 1 in Axes
  9643 | D:9      | Noticed Grum
  9648 | D:9      | Killed Grum
  9648 | D:9      | Reached ** piety under Okawaru
  9871 | D:9      | Found a staircase to the Lair.
  9875 | D:9      | Got a smoking ring mail
  9876 | D:9      | Identified the +2 ring mail of the Black Skies {rElec rF+ MR- Dex+3} (You found it on level 9 of the Dungeon)
 10118 | D:9      | Noticed a two-headed ogre
 10123 | D:9      | Killed a two-headed ogre
 10123 | D:9      | Reached skill level 10 in Armour
 10264 | D:10     | Entered Level 10 of the Dungeon
 10318 | D:10     | Gained mutation: Your movements are slightly less encumbered by armour. (ER -2) [demonic ancestry]
 10318 | D:10     | Reached XP level 11. HP: 103/103 MP: 11/11
 10367 | D:10     | Reached *** piety under Okawaru
 11107 | D:11     | Reached **** piety under Okawaru
 11211 | D:11     | Reached ***** piety under Okawaru
 11391 | D:11     | Found a staircase to the Orcish Mines.
 11524 | D:11     | Reached skill level 5 in Axes
 11571 | D:11     | Received a gift from Okawaru
 11626 | D:12     | Reached skill level 11 in Armour
 11648 | D:12     | Noticed a red ugly thing
 11650 | D:12     | Killed a red ugly thing
 11815 | D:12     | Gained mutation: Your movements are less encumbered by armour. (ER -4) [demonic ancestry]
 11815 | D:12     | Reached XP level 12. HP: 74/114 MP: 12/12
 12121 | D:12     | Received a gift from Okawaru
 12125 | D:12     | Got an encrusted long sword {god gift}
 13798 | D:13     | Noticed a two-headed ogre
 13800 | D:13     | Noticed an ogre mage
 13804 | D:13     | Found a gate to the Vaults.
 14263 | Lair:1   | Entered Level 1 of the Lair of Beasts
 14415 | Lair:1   | Identified the +11 long sword "Hoynnos" {venom, rElec Str+4 Int-2 Dex+8} (Okawaru gifted it to you on level 12 of the Dungeon)
 14675 | Lair:1   | Noticed Harold
 14687 | Lair:1   | Killed Harold
 15274 | Lair:1   | Received a gift from Okawaru
 15274 | Lair:1   | Reached skill level 12 in Armour
 16011 | Lair:2   | Noticed a four-headed hydra
 16070 | Lair:2   | Found a staircase to the Snake Pit.
 16457 | Lair:1   | HP: 4/116 [11-headed hydra (8)]
 16458 | Lair:1   | Slain by a 12-headed hydra

Vault maps used:
D:1:      dpeg_arrival_long_road, serial_park_tiny_pond, minmay_crystal_water
D:2:      lemuel_round_altar
D:3:      lemuel_coloured_pillars_altar, first_bread, uniq_terence
D:4:      grunt_temple_overflow_lords_of_destruction, grunt_qazlal_clouds,
          nicolae_tso_carved_into_rock, uniq_duvessa
D:5:      uniq_edmund, uniq_prince_ribbit1, uniq_menkaure
D:6:      fountainhead, fedhas_altar_4
D:7:      lemuel_doored_altar, minmay_temple_entry_statues_pillars,
          serial_shops, kennysheep_mini, uniq_joseph
D:8:      eat_drink_and_be_merry_uskayaw, old_standard_altar, st_stairs_12
D:9:      minmay_distorted_concentric_squares, lemuel_crystal_altar,
          erik_lair_dragon, enter_bailey_3, uniq_grum
D:11:     orc_david_3, serial_glass, glass_columns_c, glass_columns_a
D:12:     serial_bayou, serial_bayou_lagoon_a, serial_bayou_shore_a,
          serial_bayou_pond_d, serial_bayou_lagoon_b
D:13:     minmay_separated_statues, hangedman_vaults_entry_quadrant_bands
Temple:   nicolae_temple_god_jail
Lair:1:   serial_bayou_pond_c, uniq_harold
Lair:2:   beast_lair_carwin_large_2, minmay_snake_entry_guardpost_small,
          worms_lemuel
Bailey:   bailey_polearm_2, bailey

Skill      XL: |  1  2  3  4  5  6  7  8  9 10 11 12 |
---------------+-------------------------------------+-----
Long Blades    | 2 3 4 5 6 7 8 |  8.7
Armour         | 3 4 5 7 8 10 11 12 | 12.2
Shields        | 3 4 5 6 7 8 9 |  9.1
Fighting       | 4 5 6 7 8 9 |  9.9
Axes           | 2 5 7 |  7.2

Action                   |  1- 3 |  4- 6 |  7- 9 | 10-12 || total
-------------------------+-------+-------+-------+-------++-------
Melee: Long sword        |    98 |   133 |   244 |   226 ||   701
       Kick              |       |    10 |    69 |   131 ||   210
       Executioner's axe |       |       |       |   343 ||   343
Invok: Heroism           |       |       |       |     2 ||     2
 Abil: Blink             |       |       |       |     1 ||     1
Evoke: Wand              |       |       |       |     2 ||     2
  Use: Scroll            |     4 |     6 |     4 |    15 ||    29
       Potion            |     1 |     4 |     4 |     3 ||    12
 Stab: Confused          |       |       |       |     1 ||     1
  Eat: Chunk             |     2 |     6 |     6 |    18 ||    32
       Bread ration      |       |       |     2 |     3 ||     5
Armor: Scale mail        |    49 |    19 |       |       ||    68
       Storm dragon scal |       |    40 |   123 |   453 ||   616
Dodge: Dodged            |    28 |    22 |    49 |   240 ||   339
       Deflected         |       |       |     2 |    12 ||    14
Block: Shield            |    44 |    60 |   138 |   232 ||   474
       Reflection        |       |       |       |    45 ||    45
       Other             |       |       |       |    28 ||    28
       Rpst.: Long sword |    11 |     7 |    10 |    11 ||    39

Table legend:
 A = Spawn XP
 B = Non-spawn XP
 C = Spawn XP percentage of total XP
 D = Spawn monster count
 E = Non-spawn monster count
 F = Spawn count percentage of total count
 G = Total turns spent on level
                    A         B        C        D         E        F      G
               +---------+---------+-------+---------+---------+-------+---------
         Total |    4653 |   33034 |  12.3 |      43 |     378 |  10.2 | 16458
               +---------+---------+-------+---------+---------+-------+---------
           D:1 |       5 |      45 |  10.0 |       1 |      25 |   3.8 |  1096
           D:2 |       0 |      70 |   0.0 |       0 |      21 |   0.0 |   887
           D:3 |       7 |     131 |   5.1 |       1 |      18 |   5.3 |   961
           D:4 |      13 |     950 |   1.3 |       1 |      22 |   4.3 |  1230
           D:5 |     134 |     875 |  13.3 |       3 |      17 |  15.0 |  1409
           D:6 |      54 |     791 |   6.4 |       1 |      16 |   5.9 |   627
           D:7 |     543 |    1921 |  22.0 |       5 |      14 |  26.3 |  1321
           D:8 |      49 |     861 |   5.4 |       6 |      24 |  20.0 |   624
           D:9 |    1047 |    2570 |  28.9 |       5 |      31 |  13.9 |  1381
          D:10 |     266 |    1922 |  12.2 |       4 |      33 |  10.8 |   758
          D:11 |     533 |    5520 |   8.8 |       3 |      54 |   5.3 |   601
          D:12 |     668 |    4631 |  12.6 |       8 |      29 |  21.6 |  1574
          D:13 |     516 |    4280 |  10.8 |       1 |      20 |   4.8 |   999
        Lair:1 |     559 |    4273 |  11.6 |       3 |      14 |  17.6 |  1464
        Lair:2 |     259 |    3373 |   7.1 |       1 |      19 |   5.0 |   729
        Bailey |       0 |     821 |   0.0 |       0 |      21 |   0.0 |   713
               +---------+---------+-------+---------+---------+-------+---------
